 Dungeon Crawl Stone Soup version 0.30-a0-1164-ge08a67761e (webtiles) character file.

Game seed: 2355874846329638420

998 NateTC the Grave Robber (level 7, -1/50 HPs)
             Began as a Demigod Necromancer on Apr 29, 2023.
             Engulfed by a steam dragon's steam (6 damage)
             ... on level 6 of the Dungeon.
             The game lasted 00:18:36 (5965 turns).

NateTC the Grave Robber (Demigod Necromancer)       Turns: 5965, Time: 00:18:36

Health: -1/50      AC:  4    Str: 13    XL:     7   Next: 67%
Magic:  0/15       EV: 12    Int: 25    God:
Gold:   284        SH:  0    Dex: 14    Spells: 6/13 levels left

rFire   . . .        b - staff of death
rCold   + + .        (no shield)
rNeg    + . .        a - +1 robe
rPois   .            r - -2 helmet of the Vestibule of Hell {rC+ Will++}
rElec   .            (no cloak)
rCorr   .            (no gloves)
SInv    .            e - +1 pair of boots
Will    ++...        h - amulet of Lozaifa {Spirit Harm Regen+ Str+4 Stlth-}
Stlth   +            f - ring of protection from cold
HPRegen 1.08/turn    (no ring)
MPRegen 0.14/turn

%: harm (+30% outgoing, +20% incoming), guardian spirit
@: no status effects
A: high MP 1, forlorn, divine attributes
a: no special abilities


You were on level 6 of the Dungeon.
You visited 1 branch of the dungeon, and saw 6 of its levels.
You also visited: Ossuary.

You collected 284 gold pieces.

Inventory:

Armour
 a - a +1 robe (worn)
 e - a +1 pair of boots (worn)
 r - the -2 helmet of the Vestibule of Hell (worn) {rC+ Will++}
   (You found it on level 6 of the Dungeon)

   rC:        It protects you from cold.
   Will:      It greatly increases your willpower.
Magical Staves
 b - a staff of death (weapon)
Jewellery
 f - a ring of protection from cold (left hand)
 h - the amulet of Lozaifa (around neck) {Spirit Harm Regen+ Str+4 Stlth-}
   (You found it on level 3 of the Dungeon)

   [amulet of guardian spirit]

   It causes incoming damage to be divided between your reserves of health and
   magic.
   Str:       It affects your strength (+4).
   Regen:     It increases your rate of health regeneration.
   Harm:      It increases damage dealt and taken.
   Stlth:     It makes you less stealthy.
Wands
 n - a wand of flame (7)
Scrolls
 k - a scroll of blinking
 l - a scroll of enchant weapon {unknown}
 m - 3 scrolls of immolation
 o - a scroll of fear
Potions
 c - 3 potions of curing
 d - 2 potions of ambrosia
 g - a potion of flight
 i - a potion of heal wounds {unknown}
 j - 2 potions of might
 p - a potion of brilliance {unknown}
 q - 2 potions of degeneration
 t - a potion of resistance {unknown}


   Skills:
 - Level 1.7 Dodging
 - Level 1.7 Stealth
 + Level 3.7 Spellcasting
 * Level 4.2 Conjurations
 + Level 2.6 Hexes
 * Level 4.2 Summonings
 - Level 4.6 Necromancy


You had 6 spell levels left.
You knew the following spells:

 Your Spells              Type           Power      Damage    Failure   Level
a - Necrotise             Necr           100%       1d9       1%          1
b - Vampiric Draining     Necr           41%        2d8       4%          3
c - Summon Guardian Gole  Hex/Summ       21%        N/A       7%          3

Your spell library contained the following spells:

 Spells                   Type           Power      Damage    Failure   Level
 Cigotuvi's Dreadful Rot  Necr/Pois/Air  36%        N/A       8%          2
 Apportation              Tloc           8%         N/A       10%         1
 Animate Dead             Necr           41%        N/A       14%         4
 Ignite Poison            Fire/Tmut/Pois 4%         N/A       28%         3
 Spider Form              Tmut/Pois      4%         N/A       28%         3
 Sticky Flame             Conj/Fire      15%        2d4       36%         4
 Agony                    Necr           41%        N/A       36%         5
 Alistair's Intoxication  Tmut/Pois      2%         N/A       95%         5
 Orb of Destruction       Conj           12%        9d7       100%        7
 Spellforged Servitor     Conj/Summ      12%        N/A       100%        7
 Ignition                 Fire           2%         3d3       100%        8
 Death's Door             Necr           20%        N/A       100%        9


Dungeon Overview and Level Annotations

Branches:
Dungeon (6/15) Zot: 26665  Temple (0/1) D:4         Ossuary (visited)

Shops:
D:2 (   D:5 ?(!(


Innate Abilities, Weirdness & Mutations

You have an increased reservoir of magic. (+10% MP)
You shall have no god before yourself.
Your divine heritage dramatically boosts your attributes as you level up.


Message History

You feel a surge of power!
You draw life force from something!
Reactivating autopickup.
You feel a bit more experienced.
You feel life coursing into your body.
You start resting.
HP restored.
You start resting.
Magic restored.
A steam dragon comes into view.
Found 19 gold pieces.
The steam dragon hisses angrily.
The steam dragon moves out of view.
You see here the -2 helmet of the Vestibule of Hell {rC+ Will++}.
r - the -2 helmet of the Vestibule of Hell {rC+ Will++} The steam dragon breathes steam at you.
Keep equipping yourself?
The ball of steam hits you!
You start putting on your armour.
You continue putting on the -2 helmet of the Vestibule of Hell {rC+ Will++}.
You are engulfed in a cloud of scalding steam.
You continue putting on the -2 helmet of the Vestibule of Hell {rC+ Will++}.
You are engulfed in a cloud of scalding steam.
The steam dragon closely misses you.
The steam dragon claws you but does no damage.
You continue putting on the -2 helmet of the Vestibule of Hell {rC+ Will++}.
The steam dragon breathes steam at you. The ball of steam misses you.
You continue putting on the -2 helmet of the Vestibule of Hell {rC+ Will++}.
You are engulfed in a cloud of scalding steam.
The steam dragon bites you. The steam dragon closely misses you.
You finish putting on the -2 helmet of the Vestibule of Hell {rC+ Will++}.
Casting: Vampiric Draining (dangerous; 4% risk of failure)
Confirm with . or Enter, or press ? or * to list all spells.
A guardian golem appears, shielding your allies.
You are engulfed in a cloud of scalding steam.
* * * LOW HITPOINT WARNING * * *
The steam dragon bites you.
* * * LOW HITPOINT WARNING * * *
The steam dragon claws you.
* * * LOW HITPOINT WARNING * * *
You are engulfed in a cloud of scalding steam.
You die...

#.# #.######## # #.#
##.#....... #~# #...#
### #.# ###....>#.#
...
#.###.###.###.###.##
#.##............$..##
#.#..##.###.###§##..#
#..#.#........D§.#.#
##.#...##.###.##@§.#
#=.#.#.#...... #9#.#
#....#...##.# ..#.$#
#..#.#.#.#...#.#.# ##
##.#... ... ...#.$
###.#.#.#. .#.#.# ...
.# ...# #. .. #.#


You could see a steam dragon (ally target) and a friendly guardian golem
(summoned).

Vanquished Creatures
  A sky beast (D:6)
  A kobold brigand (D:4)
  3 scorpions
  2 jellies
  2 hounds (D:5)
  A sleepcap (D:4)
  Natasha (thrice) (D:4)
  An iguana (D:4)
  5 orc wizards
  A gnoll (D:1)
  11 adders
  A worm (D:2)
  A dart slug (D:4)
  6 orcs
  6 ball pythons
  8 endoplasms
  6 giant cockroaches
  6 goblins
  4 hobgoblins
  19 jackals
  6 kobolds
  2 quokkas
  3 bats
  6 frilled lizards
  A goblin zombie (D:5)
  A hobgoblin zombie (D:5)
  4 rats
111 creatures vanquished.

Vanquished Creatures (collateral kills)
  An orc wizard (D:5)
  A sleepcap (D:4)
  A dart slug (D:2)
  An endoplasm (D:3)
  A goblin (D:2)
  A quokka (D:3)
  A frilled lizard (D:1)
7 creatures vanquished.

Vanquished Creatures (others)
  A mummy (D:5)
1 creature vanquished.

Grand Total: 119 creatures vanquished

Notes
Turn   | Place    | Note
-------+----------+-------------------------------------------
     0 | D:1      | NateTC the Demigod Necromancer began the quest for the Orb.
     0 | D:1      | Reached XP level 1. HP: 14/14 MP: 5/5
   257 | D:1      | Reached XP level 2. HP: 9/20 MP: 1/7
   671 | D:1      | Reached XP level 3. HP: 26/26 MP: 7/9
  1271 | D:2      | Learned a level 3 spell: Vampiric Draining
  1530 | D:2      | Reached XP level 4. HP: 33/33 MP: 4/10
  1531 | D:2      | Found Xinircha's Antique Weapon Shoppe.
  1987 | D:2      | Reached skill level 1 in Conjurations
  1987 | D:2      | Reached skill level 1 in Summonings
  2245 | D:3      | Learned a level 3 spell: Summon Guardian Golem
  2334 | D:3      | Identified the amulet of Lozaifa {Spirit Harm Regen+ Str+4
                  | Stlth-}
  3091 | D:4      | Noticed a kobold brigand
  3099 | D:4      | Reached XP level 5. HP: 36/38 MP: 6/12
  3106 | D:4      | Reached skill level 1 in Hexes
  3243 | D:4      | Noticed Natasha
  3249 | D:4      | Killed Natasha
  3267 | D:4      | Reached XP level 6. HP: 40/45 MP: 0/13
  3558 | D:4      | Got Koigeo's Guide on the Decaying Tincture
  3594 | D:4      | Found a staircase to the Ecumenical Temple.
  3599 | D:4      | Noticed Natasha
  3603 | D:4      | Killed Natasha
  4109 | D:4      | Noticed Natasha
  4112 | D:4      | Killed Natasha
  4348 | D:5      | Entered Level 5 of the Dungeon
  4426 | D:5      | Found Plog's Antique Weapon Boutique.
  4432 | D:5      | Found Yfoud's Antique Weapon Shop.
  4433 | D:5      | Found Debran's Distillery.
  4433 | D:5      | Found Hiep's Magic Scroll Boutique.
  4606 | D:5      | Found a sand-covered staircase.
  4692 | Ossuary  | Entered an ossuary
  4952 | D:5      | Reached XP level 7. HP: 50/50 MP: 11/15
  5956 | D:6      | Noticed a steam dragon
  5957 | D:6      | Identified the -2 helmet of the Vestibule of Hell {rC+
                  | Will++}
  5965 | D:6      | Engulfed by a steam dragon's steam

Illustrated notes

Levels and vault maps discovered:
D:1:      wander_arrival_peaceful_grave, layout_loops_corners,
          shapermc_ecumenical_altar_venn
D:2:      layout_loops_ring, serial_shops, shop
D:3:      layout_basic, grunt_temple_overflow_cloverleaf
D:4:      layout_basic, kennysheep_little_box, nemelex_dance_club_becter,
          minmay_temple_entry_crystal_x, hellmonk_no_cap, uniq_natasha
D:5:      layout_layer_cave, nzn_wu_jian_council_hall,
          nicolae_ossuary_entry_giza, minmay_misc_feat_four_crosses,
          kennysheep_decorative_pillar, grunt_decor_mini_mirrors,
          minmay_fountain_box, wad_floor_pattern_2,
          nicolae_shop_national_dungeon_mall,
          minmay_a_box_with_orc_wizards_in_it
D:6:      layout_loops_ring, nicolae_concentric_dashed_squares_mild

Skill      XL: |  1  2  3  4  5  6  7 |
---------------+----------------------+-----
Spellcasting   | 2 3 |  3.7
Necromancy     | 4 |  4.6
Conjurations   | 1 2 3 4 |  4.2
Summonings     | 1 2 3 4 |  4.2
Hexes          | 1 2 |  2.6
Dodging        | |  1.7
Stealth        | |  1.7

Action                     |  1- 3 |  4- 6 |  7- 9 || total
---------------------------+-------+-------+-------++-------
  Melee: Unarmed           |     5 |     3 |       ||     8
         Staff             |       |    25 |     6 ||    31
         Punch             |       |     1 |       ||     1
   Cast: Necrotise         |    66 |   138 |    25 ||   229
         Vampiric Draining |     2 |     5 |     4 ||    11
         Summon Guardian G |       |     5 |     5 ||    10
    Use: Scroll            |     3 |    10 |     4 ||    17
         Potion            |       |     1 |       ||     1
 Armour: Robe              |     4 |    33 |    18 ||    55
  Dodge: Dodged            |    23 |    81 |    23 ||   127

Table legend: (Time is in decaauts)
 A = Elapsed time spent in this place.
 B = Non-inter-level travel time spent in this place.
 C = Inter-level travel time spent in this place.
 D = Time resting spent in this place.
 E = Time spent auto-exploring this place.
 F = Levels seen in this place.
 G = Mean time per level.
                   A        B        C        D        E       F      G
               +--------+--------+--------+--------+--------+-----+--------+
         Total |   5976 |   5849 |    127 |   1240 |   3062 |   7 |  853.7 |
       Dungeon |   5936 |   5809 |    127 |   1240 |   3062 |   6 |  989.3 |
       Ossuary |     40 |     40 |      0 |      0 |      0 |   1 |   40.0 |
               +--------+--------+--------+--------+--------+-----+--------+

Top non-repeatable levels by time:
     D:4: 1265 daAuts
     D:5: 1245 daAuts
     D:1: 1144 daAuts
     D:2: 1036 daAuts
     D:3: 909 daAuts
     D:6: 334 daAuts
 Ossuary: 40 daAuts
